 Dungeon Crawl Stone Soup version 0.30-a0-241-g1121274140 (webtiles) character file.

Game seed: 5163041460034191008

4 KennySheep the Insei (level 1, 16/16 HPs)
             Began as a Demigod Transmuter on Oct 11, 2022.
             Got out of the dungeon alive.
             The game lasted 00:00:46 (229 turns).

KennySheep the Insei (Demigod Transmuter)            Turns: 229, Time: 00:00:46

Health: 16/16      AC:  2    Str: 11    XL:     1   Next: 46%
Magic:  5/5        EV: 12    Int: 15    God:
Gold:   31         SH:  0    Dex: 14    Spells: 2/3 levels left

rFire   . . .      SeeInvis .      - Unarmed
rCold   . . .      Faith    .    (no shield)
rNeg    . . .      Spirit   .    a - +0 robe
rPois   .          Reflect  .    (no helmet)
rElec   .          Harm     .    (no cloak)
rCorr   .          Rampage  .    (no gloves)
Will    .....                    (no boots)
Stlth   +.........               (no amulet)
HPRegen 0.22/turn                (no ring)
MPRegen 0.09/turn                (no ring)

@: no status effects
A: high MP 1, forlorn, divine attributes
a: no special abilities


You escaped.
You visited 1 branch of the dungeon, and saw 1 of its levels.

You collected 31 gold pieces.

Inventory:

Armour
 a - a +0 robe (worn)
Jewellery
 e - a ring of wizardry
Scrolls
 c - a scroll of poison {unknown}
 d - 3 scrolls of identify {unknown}
Potions
 b - a potion of lignification


   Skills:
 + Level 1.0 Fighting
 + Level 1.8 Dodging
 + Level 2.7 Unarmed Combat
 + Level 1.8 Spellcasting
 + Level 1.8 Transmutations


You had 2 spell levels left.
You knew the following spells:

 Your Spells              Type           Power      Damage    Failure   Level
a - Beastly Appendage     Tmut           14%        N/A       11%         1

Your spell library contained the following spells:

 Spells                   Type           Power      Damage    Failure   Level
 Wereblood                Tmut           7%         N/A       16%         2
 Spider Form              Tmut/Pois      4%         N/A       43%         3
 Ice Form                 Ice/Tmut       4%         N/A       83%         4


Dungeon Overview and Level Annotations

Branches:
Dungeon (1/15)


Innate Abilities, Weirdness & Mutations

You have an increased reservoir of magic. (+10% MP)
You shall have no god before yourself.
Your divine heritage dramatically boosts your attributes as you level up.


Message History

You barely miss the rat. You claw the rat.
You kill the rat!
No target in view!
Your transformation is almost over.
You now have 17 gold pieces (gained 14).
You see here a rat corpse.
Your horns disappear.
Your talons disappear.
Found a falchion.
You now have 31 gold pieces (gained 14).
A bat comes into view.
The bat closely misses you. The bat misses you.
You closely miss the bat. The bat hits you but does no damage.
You miss the bat. The bat hits you. The bat hits you but does no damage. x2
You hit the bat.
The bat is heavily wounded.
The bat closely misses you. The bat hits you but does no damage.
The bat barely misses you.
You hit the bat.
The bat is severely wounded.
The bat hits you but does no damage. x2
The bat hits you but does no damage. The bat barely misses you.
You barely miss the bat.
The bat is severely wounded.
The bat hits you but does no damage. The bat barely misses you.
You barely miss the bat.
The bat is severely wounded.
The bat barely misses you. x2
You miss the bat.
The bat is severely wounded.
The bat closely misses you. The bat hits you.
You hit the bat.
You kill the bat!
No target in view!
HP restored.
There is an open door here.
There is a staircase leading out of the dungeon here.
You can't go down here!
Are you sure you want to leave the Dungeon?
This will make you lose the game!
You have escaped!

....########.# #.#
###..........#########.#
#.########.##........# #.#
#.########..# ###.###
#..'..>###.[## ......#
#.###.##.....###### ....#.#
#...#.#...........#
###...#######.##.#.##...####.#
#..†........##@#.....## #.#
#...#######.####.###.# #.#
#...# #.# #.# #.# #.# #...#
#.# #.# #.# #.# #...#
#####.####.###.# ##.## #...#
#..........##..# #...#
#.......###.#######.## #...#
....## #.# #.# #...# #..###
#.# #.# ###.#


There were no monsters in sight!

Vanquished Creatures
  A bat (D:1)
  An endoplasm (D:1)
  2 frilled lizards (D:1)
  A rat (D:1)
5 creatures vanquished.

Notes
Turn   | Place    | Note
-------+----------+-------------------------------------------
     0 | D:1      | KennySheep the Demigod Transmuter began the quest for the
                  | Orb.
     0 | D:1      | Reached XP level 1. HP: 15/15 MP: 5/5
   123 | D:1      | Reached skill level 1 in Fighting
   229 | D:$      | Got out of the dungeon alive.

Illustrated notes

Levels and vault maps discovered:
D:1:      amcnicky_arrival_choice, layout_loops_ring, minmay_pentomino_v4

Skill      XL: |  1 |
---------------+----+-----
Fighting       | 1 |  1.0
Dodging        | |  1.8
Unarmed Combat | |  2.7
Spellcasting   | |  1.8
Transmutations | |  1.8

Action                   || total
-------------------------++-------
Melee: Unarmed           ||    12
       Kick              ||     2
 Cast: Beastly Appendage ||     1
 Stab: Sleeping          ||     1
Armor: Robe              ||     8
Dodge: Dodged            ||    11

Table legend: (Time is in decaauts)
 A = Elapsed time spent in this place.
 B = Non-inter-level travel time spent in this place.
 C = Inter-level travel time spent in this place.
 D = Time resting spent in this place.
 E = Time spent auto-exploring this place.
 F = Levels seen in this place.
 G = Mean time per level.
                   A        B        C        D        E       F      G
               +--------+--------+--------+--------+--------+-----+--------+
         Total |    228 |    208 |     20 |      0 |    171 |   1 |  228.0 |
       Dungeon |    228 |    208 |     20 |      0 |    171 |   1 |  228.0 |
               +--------+--------+--------+--------+--------+-----+--------+

Top non-repeatable levels by time:
     D:1: 228 daAuts
